Map: Catalyst LE

Players

Infamous

  • Race: Protoss Protoss
  • League: Gold
  • Spawn Location: 11:00

TAIGTHU - Winner!

  • Race: Terran Terran
  • League: Gold
  • Spawn Location: 5:00

VOD

Have the link to the VOD?

Description

Time

  • Played on: April 18, 2018, 12:58 p.m.
  • Length: 15:58
Show
View Real Time Build Order
Export as new Build Order

Infamous Protoss 

Build Orders: Colossus Rush 

Get SALT Encoding   

  12  0:01  Probe  
  13  0:16  Pylon  
  13  0:18  Probe  
  14  0:35  Probe, Gateway  
  15  0:46  Probe  
  16  1:02  Probe, Assimilator  
  17  1:10  Probe  
  18  1:24  Cybernetics Core  
  18  1:25  Probe  
  19  1:39  Probe  
  20  1:45  Assimilator  
  20  1:47  Pylon  
  20  1:51  Probe  
  20  1:58  Stalker  
  20  2:01  Warp Gate  
  20  2:10  Probe  
  23  2:28  Robotics Facility  
  23  2:30  Probe  
  24  2:42  Probe  
  25  2:50  Nexus  
  25  2:54  Probe  
  25  2:57  Pylon  
  26  2:59  Sentry  
  26  3:04  Pylon  
  26  3:06  Probe  
  29  3:15  Observer  
  29  3:18  Probe  
  31  3:29  Gateway  
  31  3:36  Probe  
  32  3:44  Robotics Bay  
  32  3:48  Probe  
  33  3:54  Gateway  
  33  3:58  Probe  
  33  4:02  Probe  
  35  4:05  Shield Battery  
  35  4:06  Probe  
  36  4:18  Probe  
  37  4:31  Cybernetics Core  
  37  4:33  Colossus  
  37  4:37  Gateway  
  43  4:41  Probe x2  
  45  4:52  Stalker  
  47  4:57  Probe x2  
  49  5:09  Probe  
  50  5:20  Twilight Council  
  48  5:26  Extended Thermal Lance  
  41  5:31  Sentry  
  41  5:32  Zealot  
  41  5:33  Zealot  
  40  5:43  Probe x2  
  42  5:54  Pylon  
  42  5:55  Probe  
  43  5:57  Pylon, Stalker x2  
  43  5:58  Stalker  
  49  6:11  Shield Battery  
  49  6:21  Forge  
  49  6:23  Forge  
  49  6:33  Stalker x3  
  49  6:39  Protoss Ground Weapons Level 1  
  55  6:53  Probe, Assimilator  
  55  6:55  Probe  
  55  6:56  Assimilator  
  57  7:02  Probe  
  57  7:07  Probe  
  59  7:10  Probe  
  46  7:36  Stalker x2  
  46  7:37  Stalker x2  
  44  8:00  Stalker  
  44  8:01  Stalker  
  44  8:04  Probe x2  
  50  8:27  Photon Cannon  
  50  8:29  Photon Cannon  
  50  8:35  Probe x2, Nexus  
  50  8:36  Pylon  
  50  8:39  Pylon  
  52  8:43  Probe  
  52  8:44  Probe  
  52  8:45  Zealot  
  52  8:47  Sentry  
  58  8:50  Immortal  
  62  9:11  Probe x2, Shield Battery  
  64  9:23  Adept  
  64  9:24  Adept  
  68  9:36  Sentry x2  
  72  9:44  Probe  
  72  9:45  Colossus  
  72  9:47  Probe x2  
  75  9:54  Protoss Ground Armor Level 1  
  75  9:55  Protoss Shields Level 1  
  75  9:59  Probe x2  
  83  10:13  Probe  
  83  10:14  Probe x2  
  86  10:18  Shield Battery  
  86  10:25  Stalker  
  86  10:26  Stalker  
  86  10:27  Zealot  
  92  10:31  Colossus  
  92  10:39  Probe  
  99  10:53  Stalker  
  101  10:59  Pylon  
  101  11:03  Pylon  
  101  11:05  Pylon  
  101  11:10  Probe x2  
  101  11:17  Shield Battery  
  101  11:18  Shield Battery  
  101  11:22  Adept x4  
  109  11:29  Immortal  
  113  11:48  Zealot x2  
  113  11:49  Zealot  
  65  12:08  Colossus  
  55  12:16  Charge  
  55  12:17  Stalker x2  
  55  12:18  Protoss Ground Armor Level 2  
  55  12:19  Protoss Shields Level 2  
  65  12:24  Zealot x2  
  66  12:44  Gateway  
  66  12:46  Probe x2, Gateway  
  65  13:02  Probe x2  
  67  13:06  Immortal  
  71  13:20  Robotics Facility  
  71  13:29  Colossus  
  71  13:30  Zealot x3  
  71  13:31  Zealot  
  85  14:00  Zealot  
  85  14:01  Zealot x2  
  85  14:02  Sentry  
  75  14:19  Colossus x2  
  59  14:24  Stalker x4  
  67  14:52  Zealot x5  
  61  14:53  Zealot  
  43  15:18  Stalker x2  
  43  15:19  Stalker  
Show
View Real Time Build Order
Export as new Build Order

TAIGTHU Terran - Winner!

Build Orders: MMM Bio 

Get SALT Encoding   

  12  0:02  SCV  
  13  0:14  SCV  
  14  0:24  Supply Depot  
  14  0:37  SCV  
  15  0:49  SCV  
  16  0:53  Barracks  
  16  1:01  SCV  
  16  1:02  Refinery  
  17  1:04  Refinery  
  17  1:13  SCV  
  18  1:25  SCV  
  19  1:37  SCV  
  20  1:42  Supply Depot  
  20  1:50  SCV  
  20  1:52  Factory  
  21  2:02  Orbital Command  
  21  2:04  Barracks Tech Lab  
  21  2:09  Engineering Bay  
  21  2:22  Stimpack  
  21  2:23  Marine  
  22  2:35  Factory Tech Lab  
  22  2:38  Starport  
  22  2:41  Marine  
  23  2:44  Supply Depot  
  23  2:46  SCV  
  24  2:58  SCV  
  24  3:00  Siege Tank  
  28  3:10  Marine  
  29  3:17  Medivac  
  29  3:19  SCV  
  32  3:24  Supply Depot  
  32  3:28  Marine  
  33  3:39  Terran Infantry Armor Level 1  
  33  3:46  Marine  
  34  3:59  Siege Tank  
  37  4:03  SCV  
  37  4:04  Marine  
  39  4:13  Command Center  
  39  4:18  Medivac  
  39  4:22  Marine  
  42  4:27  Supply Depot  
  42  4:39  Marine  
  42  4:42  Siege Tank  
  46  4:57  Marine  
  46  4:59  Barracks, SCV  
  48  5:11  SCV  
  49  5:15  Marine  
  50  5:23  SCV  
  51  5:35  SCV  
  52  5:47  SCV  
  47  5:54  Starport Reactor  
  47  5:56  Marine, Siege Tank  
  48  5:58  Barracks Reactor  
  48  6:02  Terran Infantry Weapons Level 1  
  48  6:03  Combat Shields  
  48  6:06  SCV  
  48  6:09  Orbital Command  
  49  6:14  Marine  
  49  6:18  SCV  
  51  6:25  Supply Depot  
  51  6:29  Starport  
  51  6:30  SCV  
  52  6:36  Medivac  
  54  6:40  Refinery  
  54  6:42  SCV  
  54  6:48  Supply Depot  
  51  6:54  SCV  
  51  7:18  Marine  
  51  7:19  Marine x2  
  48  7:30  Orbital Command  
  48  7:36  Marine  
  48  7:37  Marine x2  
  47  7:38  Siege Tank  
  52  7:45  Command Center  
  52  7:54  Marine x3  
  54  8:10  Siege Tank  
  54  8:12  Marine x3  
  60  8:20  Command Center  
  60  8:24  SCV  
  61  8:30  Marine  
  62  8:37  SCV  
  62  8:38  Marine  
  62  8:39  Marine  
  62  8:40  Starport Reactor  
  65  8:46  Orbital Command  
  65  8:48  Marine  
  65  8:49  SCV  
  67  8:56  Marine x2  
  67  9:01  SCV  
  70  9:06  Marine  
  71  9:13  SCV  
  71  9:14  Marine  
  71  9:16  Medivac x2  
  77  9:18  Viking x2  
  81  9:25  SCV  
  82  9:33  Orbital Command  
  82  9:37  SCV  
  83  9:49  SCV  
  84  10:01  SCV  
  84  10:06  Viking x2  
  84  10:07  Viking x2  
  91  10:13  Marine x3, SCV  
  97  10:30  Marine, SCV  
  97  10:31  Marine x2, Refinery  
  101  10:37  Refinery  
  101  10:39  Supply Depot  
  101  11:00  Marine x3, SCV  
  101  11:02  Supply Depot  
  105  11:12  SCV  
  105  11:18  Marine x3  
  109  11:26  Supply Depot  
  109  11:36  Marine  
  81  12:38  SCV x3  
  81  12:43  Marine  
  85  12:44  Marine  
  85  12:45  Marine  
  85  12:48  Medivac x2  
  85  12:50  Medivac x2, SCV x3  
  98  12:56  Factory  
  98  12:57  Factory  
  98  13:01  Marine  
  98  13:02  Marine x2, SCV x3  
  98  13:05  Supply Depot  
  104  13:14  SCV x2  
  104  13:15  SCV  
  104  13:19  Marine x2  
  108  13:20  Marine  
  108  13:26  SCV  
  108  13:27  Supply Depot, SCV x2  
  113  13:31  Siege Tank  
  116  13:37  Marine x2  
  116  13:38  Marine  
  119  13:44  Armory  
  119  13:45  Barracks  
  119  13:46  Barracks  
  119  13:47  Factory Tech Lab x2  
  119  13:50  Supply Depot  
  119  13:55  Marine x2  
  120  13:56  Marine  
  122  14:04  Siege Tank  
  125  14:12  Marine  
  125  14:13  Supply Depot, Marine  
  125  14:14  Marine  
  113  14:30  Marine  
  113  14:31  Marine x2, Armory  
  112  14:36  Siege Tank  
  117  14:45  Viking x3  
  119  14:46  Viking  
  119  14:47  Siege Tank x2  
  119  14:49  Marine, Barracks Reactor  
  119  14:50  Barracks Reactor  
  119  14:52  Marine  
  132  14:53  Marine  
  126  15:07  Marine  
  126  15:08  Siege Tank  
  126  15:10  Marine  
  131  15:19  Siege Tank x2  
Tags
 
Composition
MMM Bio
League
GoldGold
Matchup
PvT
Replay Pack
Last Remnant (2)
Spawn Locations
Cross Positions
Add a new tag
Caveats
  • Supply blocks, unpowered buildings, or Contaminate may cause inaccurate times.
  • Supply counts are checked every 10 seconds.